Map: 2000 Atmospheres LE

Players

Scarlett

  • Race: Zerg Zerg

Dream - Winner!

  • Race: Terran Terran

Event: DreamHack SC2 Masters 2021 Summer

VOD

Have the link to the VOD?

Description

Time

  • Played on: July 1, 2021, 12:31 p.m.
  • Length: 3:40
Show
View Real Time Build Order
Export as new Build Order

Scarlett Zerg 

Build Orders: Hatch First 

Get SALT Encoding   

  12  0:00  Drone  
  13  0:12  Overlord  
  13  0:16  Drone  
  14  0:30  Drone x2  
  16  0:46  Hatchery  
  15  0:50  Drone  
  15  0:53  Drone  
  17  0:57  Drone  
  18  1:08  Extractor  
  17  1:11  Spawning Pool  
  17  1:15  Drone  
  17  1:18  Drone  
  19  1:40  Drone  
  19  1:42  Drone  
  21  1:59  Queen  
  21  2:00  Spine Crawler, Queen, Zergling x2  
  21  2:01  Zergling x2  
  26  2:13  Overlord  
  26  2:18  Drone  
  26  2:26  Drone  
  26  2:39  Drone  
  26  2:40  Drone  
  28  2:49  Drone x4  
  32  2:56  Overlord  
  32  3:00  Queen  
  34  3:09  Drone x2  
  34  3:21  Zergling x8  
Show
View Real Time Build Order
Export as new Build Order

Dream Terran - Winner!

Build Orders:  

Get SALT Encoding   

  12  0:00  SCV  
  13  0:12  SCV  
  14  0:18  Supply Depot  
  14  0:24  SCV  
  15  0:40  Barracks  
  15  0:50  Barracks  
  15  0:54  SCV  
  16  1:07  SCV  
  17  1:15  Refinery  
  17  1:19  SCV  
  18  1:26  Marine  
  18  1:31  Orbital Command  
  19  1:35  Supply Depot  
  19  1:41  Marine  
  19  1:44  Marine  
  21  1:50  Bunker  
  21  1:54  Bunker  
  21  1:59  Marine  
  22  2:03  Marine  
  22  2:06  SCV  
  24  2:17  Marine  
  24  2:21  Bunker, Marine  
  27  2:22  SCV  
  27  2:35  Marine  
  28  2:41  Supply Depot  
  28  2:42  Factory  
  27  2:48  SCV  
  28  3:00  SCV  
  29  3:07  Command Center  
  29  3:13  SCV  
  29  3:15  Refinery  
  30  3:25  SCV  
Tags
 
Add a new tag
Caveats
  • Supply blocks, unpowered buildings, or Contaminate may cause inaccurate times.
  • Supply counts are checked every 10 seconds.